General information
- name: BNet
- type: Ladder team game (AT/RT)
- host: Battle.net
- saver: SturmUndDrang
map: MarketSquare
- players: 8
- length: 40:05
- speed: Fast
- version: 1.26 W3XP
- replay type: Public
» download(250 KB)
Players
team 1 (loser)

»
FortyFiveMoreTi (
purple | 43 APM | 811 actions | 18:53)
3 Archmage
2 Summon Water Elemental
1 Brilliance Aura
» actions
| Assign group hotkey | 11 | |
| Basic commands | 49 | |
| Build / train | 46 | |
| ESC pressed | 14 | |
| Enter build submenu | 25 | |
| Enter hero's abilities submenu | 3 | |
| Right click | 175 | |
| Select / deselect | 272 | |
| Select group hotkey | 135 | |
| Use ability | 81 | |
811 total
» units
» upgrades
| Lumber Harvesting | 2 | |
| Gunpowder | 3 | |
| Plating | 2 | |
7 total
» buildings
| Altar of Kings | 2 | |
| Farm | 10 | |
| Lumber Mill | 1 | |
| Arcane Vault | 1 | |
| Town Hall | 2 | |
| Keep | 1 | |
| Blacksmith | 2 | |
| Castle | 1 | |
| Workshop | 6 | |
26 total
» build order
00:13 Altar of Kings
00:15 Farm
00:51 Farm
01:10 Lumber Mill
01:29 Arcane Vault
03:20 Town Hall
03:39 Keep
03:50 Blacksmith
03:52 Farm
06:02 Castle
06:29 Blacksmith
07:42 Workshop
07:44 Workshop
07:50 Farm
07:51 Farm
08:29 Workshop
08:31 Farm
08:54 Workshop
08:56 Workshop
09:17 Farm
10:25 Farm
10:50 Farm
12:17 Workshop
16:16 Town Hall
16:19 Altar of Kings
17:23 Farm
» items
| Staff of Teleportation | 1 | |
| Boots of Speed | 1 | |
| Potion of Invisibility | 1 | |
3 total
sickofeuro (
pink | 36 APM | 1424 actions | 40:05)
6 Paladin
3 Holy Light
2 Divine Shield
1 Resurrection
» actions
| Assign group hotkey | 123 | |
| Build / train | 85 | |
| Enter build submenu | 24 | |
| Enter hero's abilities submenu | 6 | |
| Give item / drop item | 4 | |
| Remove unit from queue | 3 | |
| Right click | 535 | |
| Select / deselect | 350 | |
| Select group hotkey | 167 | |
| Use ability | 125 | |
1424 total
» units
» upgrades
| Defend | 1 | |
| Plating | 3 | |
| Swords | 2 | |
| Masonry | 1 | |
7 total
» buildings
| Barracks | 2 | |
| Altar of Kings | 2 | |
| Farm | 8 | |
| Arcane Vault | 1 | |
| Lumber Mill | 1 | |
| Blacksmith | 1 | |
| Keep | 3 | |
| Scout Tower | 4 | |
| Guard Tower | 2 | |
| Castle | 2 | |
| Workshop | 2 | |
28 total
» build order
00:37 Barracks
00:53 Barracks
00:58 Altar of Kings
01:06 Farm
01:37 Farm
01:52 Farm
02:15 Farm
02:22 Farm
03:13 Arcane Vault
03:37 Lumber Mill
04:28 Blacksmith
05:24 Keep
05:24 Keep
05:39 Scout Tower
05:40 Scout Tower
06:28 Guard Tower
08:30 Castle
08:34 Guard Tower
27:23 Farm
29:28 Keep
32:15 Altar of Kings
32:24 Workshop
32:26 Workshop
33:04 Castle
33:41 Scout Tower
33:42 Scout Tower
33:46 Farm
33:46 Farm
» items
| Boots of Speed | 1 | |
| Scroll of Regeneration | 2 | |
| Scroll of Healing | 1 | |
| Lesser Clarity Potion | 3 | |
| Scroll of Town Portal | 2 | |
| Potion of Healing | 1 | |
| Potion of Mana | 2 | |
| Staff of Teleportation | 1 | |
| Potion of Invisibility | 1 | |
| Tiny Great Hall | 1 | |
15 total
GUARDIANFOREVER (
blue | 55 APM | 2211 actions | 40:05)
7 Shadow Hunter
3 Hex
3 Healing Wave
1 Big Bad Voodoo
» actions
| Assign group hotkey | 59 | |
| Basic commands | 34 | |
| Build / train | 62 | |
| Enter build submenu | 21 | |
| Enter hero's abilities submenu | 7 | |
| Give item / drop item | 5 | |
| Right click | 994 | |
| Select / deselect | 254 | |
| Select group hotkey | 680 | |
| Use ability | 95 | |
2211 total
» units
| Peon | 15 | |
| Grunt | 3 | |
| Wind Rider | 4 | |
| Troll Batrider | 10 | |
32 total
» upgrades
| Reinforced Defenses | 1 | |
| Envenomed Spears | 1 | |
| Ranged Weapons | 2 | |
| Armor | 1 | |
| Liquid Fire | 1 | |
6 total
» buildings
| Altar of Storms | 1 | |
| Orc Burrow | 7 | |
| Barracks | 1 | |
| Voodoo Lounge | 1 | |
| War Mill | 1 | |
| Stronghold | 1 | |
| Watch Tower | 27 | |
| Great Hall | 1 | |
| Fortress | 1 | |
| Beastiary | 4 | |
45 total
» build order
00:15 Altar of Storms
00:22 Orc Burrow
00:38 Barracks
01:25 Orc Burrow
01:59 Voodoo Lounge
02:47 War Mill
03:19 Stronghold
03:59 Orc Burrow
04:24 Watch Tower
04:25 Watch Tower
04:26 Watch Tower
04:27 Watch Tower
05:24 Great Hall
07:17 Fortress
07:24 Beastiary
07:26 Beastiary
08:38 Watch Tower
08:38 Watch Tower
09:05 Watch Tower
09:06 Watch Tower
09:06 Watch Tower
09:06 Watch Tower
10:52 Orc Burrow
11:23 Watch Tower
11:24 Watch Tower
11:24 Watch Tower
11:26 Watch Tower
12:06 Orc Burrow
12:06 Orc Burrow
13:29 Watch Tower
13:30 Watch Tower
13:31 Watch Tower
13:32 Watch Tower
16:42 Beastiary
19:38 Beastiary
19:43 Watch Tower
19:44 Watch Tower
19:45 Watch Tower
19:46 Watch Tower
19:47 Watch Tower
19:47 Watch Tower
19:49 Watch Tower
19:50 Watch Tower
22:39 Orc Burrow
» items
| Healing Salve | 2 | |
| Staff of Teleportation | 1 | |
| Boots of Speed | 2 | |
| Potion of Mana | 1 | |
| Orb of Lightning | 1 | |
| Scroll of Town Portal | 4 | |
| Potion of Lesser Invulnerability | 1 | |
| Lesser Clarity Potion | 1 | |
| Potion of Invisibility | 1 | |
14 total
SturmUndDrang (
orange | 88 APM | 3545 actions | 40:05)
8 Far Seer
3 Feral Spirit
3 Chain Lighting
1 Earth Quake
1 Far Sight
» actions
| Assign group hotkey | 99 | |
| Basic commands | 101 | |
| Build / train | 121 | |
| ESC pressed | 6 | |
| Enter build submenu | 60 | |
| Enter hero's abilities submenu | 9 | |
| Give item / drop item | 19 | |
| Remove unit from queue | 1 | |
| Right click | 1613 | |
| Select / deselect | 433 | |
| Select group hotkey | 829 | |
| Use ability | 254 | |
3545 total
» units
| Peon | 19 | |
| Grunt | 6 | |
| Wind Rider | 10 | |
| Troll Batrider | 7 | |
42 total
» upgrades
| Berserker Strength | 1 | |
| Armor | 3 | |
| Reinforced Defenses | 1 | |
| Pillage | 1 | |
| Ranged Weapons | 3 | |
| Envenomed Spears | 1 | |
| Masonry | 1 | |
| Liquid Fire | 1 | |
| Spiked Barricades | 2 | |
14 total
» buildings
| Orc Burrow | 4 | |
| Altar of Storms | 1 | |
| Barracks | 1 | |
| Voodoo Lounge | 1 | |
| War Mill | 1 | |
| Stronghold | 3 | |
| Great Hall | 3 | |
| Watch Tower | 33 | |
| Fortress | 4 | |
| Beastiary | 4 | |
55 total
» build order
00:10 Orc Burrow
00:34 Altar of Storms
00:50 Barracks
02:01 Orc Burrow
02:06 Voodoo Lounge
02:35 War Mill
02:50 Orc Burrow
04:13 Stronghold
04:13 Stronghold
05:13 Great Hall
05:15 Watch Tower
05:16 Watch Tower
06:13 Watch Tower
06:15 Watch Tower
06:21 Watch Tower
06:22 Watch Tower
07:25 Watch Tower
08:28 Fortress
08:28 Fortress
08:29 Fortress
09:39 Watch Tower
09:40 Watch Tower
11:27 Beastiary
11:28 Beastiary
12:57 Orc Burrow
13:39 Watch Tower
13:41 Watch Tower
13:57 Watch Tower
13:59 Watch Tower
18:50 Beastiary
18:52 Beastiary
20:24 Watch Tower
20:24 Watch Tower
20:25 Watch Tower
20:27 Watch Tower
22:49 Watch Tower
22:50 Watch Tower
22:52 Watch Tower
22:53 Great Hall
22:56 Watch Tower
23:00 Great Hall
24:54 Watch Tower
24:55 Watch Tower
24:57 Watch Tower
24:59 Watch Tower
25:00 Watch Tower
33:34 Watch Tower
33:35 Watch Tower
33:37 Watch Tower
33:40 Watch Tower
33:43 Watch Tower
35:51 Watch Tower
35:52 Watch Tower
» items
| Healing Salve | 6 | |
| Staff of Teleportation | 1 | |
| Periapt of Vitality | 2 | |
| Boots of Speed | 1 | |
| Lesser Clarity Potion | 7 | |
| Scroll of Town Portal | 6 | |
| Orb of Lightning | 1 | |
| Potion of Invisibility | 1 | |
| Tiny Great Hall | 2 | |
27 total
team 2 (winner)

»
ApocalypseFenix (
red | 64 APM | 2110 actions | 32:53)
4 Tauren Chieftain
2 War Stomp
2 Endurance Aura
3 Shadow Hunter
1 Hex
2 Healing Wave
» actions
| Assign group hotkey | 24 | |
| Basic commands | 71 | |
| Build / train | 59 | |
| Enter build submenu | 18 | |
| Enter hero's abilities submenu | 7 | |
| Give item / drop item | 1 | |
| Right click | 721 | |
| Select / deselect | 443 | |
| Select group hotkey | 687 | |
| Use ability | 79 | |
2110 total
» units
| Peon | 9 | |
| Grunt | 3 | |
| Tauren | 6 | |
| Spirit Walker | 5 | |
| Shaman | 3 | |
26 total
» upgrades
| Armor | 3 | |
| Melee Weapons | 3 | |
| Spirit Walker Training | 2 | |
| Pulverize | 1 | |
| Shaman Training | 2 | |
| Witch Doctor Training | 1 | |
12 total
» buildings
| Altar of Storms | 1 | |
| Orc Burrow | 7 | |
| Barracks | 1 | |
| Voodoo Lounge | 1 | |
| War Mill | 1 | |
| Watch Tower | 2 | |
| Stronghold | 1 | |
| Fortress | 1 | |
| Spirit Lodge | 2 | |
| Tauren Totem | 2 | |
19 total
» build order
00:12 Altar of Storms
00:17 Orc Burrow
01:12 Barracks
01:48 Orc Burrow
02:18 Voodoo Lounge
02:42 War Mill
04:01 Watch Tower
04:03 Stronghold
05:21 Watch Tower
05:36 Orc Burrow
06:49 Fortress
06:56 Spirit Lodge
08:46 Orc Burrow
09:19 Tauren Totem
09:22 Tauren Totem
12:37 Orc Burrow
13:19 Orc Burrow
15:06 Orc Burrow
19:16 Spirit Lodge
» items
| Healing Salve | 2 | |
| Circlet of Nobility | 1 | |
| Periapt of Vitality | 1 | |
| Scroll of Town Portal | 3 | |
| Potion of Lesser Invulnerability | 1 | |
| Orb of Lightning | 2 | |
10 total

»
SoooooooooBad (
teal | 68 APM | 2732 actions | 40:05)
5 Archmage
3 Summon Water Elemental
2 Brilliance Aura
4 Mountain King
2 Storm Bolt
2 Bash
1 Paladin
1 Holy Light
» actions
| Assign group hotkey | 31 | |
| Basic commands | 82 | |
| Build / train | 115 | |
| ESC pressed | 8 | |
| Enter build submenu | 33 | |
| Enter hero's abilities submenu | 11 | |
| Give item / drop item | 2 | |
| Right click | 1058 | |
| Select / deselect | 269 | |
| Select group hotkey | 986 | |
| Use ability | 137 | |
2732 total
» units
| Peasant | 19 | |
| Footman | 7 | |
| Mortar Team | 5 | |
| Flying Machine | 18 | |
| Knight | 1 | |
50 total
» upgrades
| Lumber Harvesting | 2 | |
| Masonry | 3 | |
| Gunpowder | 3 | |
| Flare | 1 | |
| Armor | 3 | |
| Fragmentation Shards | 1 | |
| Flying Machine Bombs | 1 | |
| Flak Cannons | 2 | |
| Animal War Training | 1 | |
| Plating | 1 | |
18 total
» buildings
| Altar of Kings | 1 | |
| Barracks | 1 | |
| Farm | 12 | |
| Scout Tower | 8 | |
| Arcane Tower | 9 | |
| Arcane Vault | 1 | |
| Keep | 3 | |
| Lumber Mill | 2 | |
| Blacksmith | 1 | |
| Guard Tower | 4 | |
| Town Hall | 3 | |
| Workshop | 3 | |
| Castle | 2 | |
50 total
» build order
00:17 Altar of Kings
00:21 Barracks
00:35 Farm
01:37 Farm
01:49 Scout Tower
02:13 Farm
02:21 Arcane Tower
02:54 Arcane Vault
03:51 Keep
03:52 Keep
03:52 Keep
04:02 Farm
04:32 Lumber Mill
04:48 Scout Tower
04:57 Blacksmith
05:20 Scout Tower
06:11 Guard Tower
06:12 Guard Tower
06:34 Farm
07:19 Town Hall
07:27 Scout Tower
07:32 Scout Tower
07:35 Scout Tower
07:51 Workshop
08:07 Farm
08:16 Scout Tower
08:18 Guard Tower
08:18 Guard Tower
09:01 Workshop
09:26 Workshop
09:35 Arcane Tower
09:50 Castle
09:50 Castle
12:31 Scout Tower
14:11 Arcane Tower
15:13 Farm
15:17 Town Hall
17:05 Arcane Tower
17:05 Arcane Tower
17:21 Arcane Tower
17:41 Farm
17:42 Farm
17:43 Farm
20:35 Farm
20:37 Farm
22:24 Lumber Mill
25:57 Town Hall
» items
| Scroll of Town Portal | 3 | |
| Staff of Sanctuary | 2 | |
| Potion of Healing | 2 | |
| Scroll of Regeneration | 1 | |
8 total
ScuzzyNo-Good (
yellow | 48 APM | 1910 actions | 40:05)
9 Blademaster
3 Wind Walk
3 Critical Strike
1 Bladestorm
2 Mirror Image
» actions
| Assign group hotkey | 56 | |
| Basic commands | 106 | |
| Build / train | 63 | |
| Enter build submenu | 38 | |
| Enter hero's abilities submenu | 9 | |
| Give item / drop item | 14 | |
| Remove unit from queue | 1 | |
| Right click | 1089 | |
| Select / deselect | 267 | |
| Select group hotkey | 120 | |
| Use ability | 147 | |
1910 total
» units
» upgrades
| Reinforced Defenses | 1 | |
| Ranged Weapons | 3 | |
| Armor | 3 | |
| Envenomed Spears | 1 | |
8 total
» buildings
| Orc Burrow | 8 | |
| Altar of Storms | 1 | |
| Barracks | 1 | |
| Voodoo Lounge | 1 | |
| Stronghold | 3 | |
| War Mill | 1 | |
| Great Hall | 1 | |
| Fortress | 1 | |
| Watch Tower | 31 | |
| Beastiary | 4 | |
52 total
» build order
00:11 Orc Burrow
01:05 Orc Burrow
01:09 Altar of Storms
01:10 Barracks
02:12 Voodoo Lounge
02:49 Stronghold
02:49 Stronghold
05:48 War Mill
05:49 Orc Burrow
06:10 Great Hall
07:12 Fortress
09:07 Watch Tower
09:08 Watch Tower
09:09 Watch Tower
09:09 Watch Tower
09:47 Beastiary
09:48 Beastiary
09:49 Beastiary
09:50 Beastiary
10:42 Watch Tower
11:37 Watch Tower
13:28 Watch Tower
13:28 Watch Tower
13:28 Watch Tower
13:30 Watch Tower
13:58 Watch Tower
13:58 Watch Tower
14:00 Watch Tower
14:01 Watch Tower
17:50 Watch Tower
17:51 Watch Tower
17:52 Watch Tower
17:53 Watch Tower
17:56 Watch Tower
17:57 Watch Tower
17:58 Watch Tower
17:59 Watch Tower
18:00 Watch Tower
18:01 Watch Tower
18:02 Watch Tower
18:03 Watch Tower
18:14 Watch Tower
18:15 Watch Tower
18:16 Watch Tower
18:17 Watch Tower
18:18 Watch Tower
21:27 Orc Burrow
21:28 Orc Burrow
21:29 Orc Burrow
21:33 Orc Burrow
21:35 Orc Burrow
» items
| Healing Salve | 2 | |
| Scroll of Town Portal | 4 | |
| Boots of Speed | 1 | |
| Periapt of Vitality | 4 | |
| Potion of Healing | 1 | |
| Lesser Clarity Potion | 1 | |
| Staff of Teleportation | 1 | |
| Dust of Appearance | 1 | |
15 total

»
WWW.sukd1ck.COM (
green | 35 APM | 1406 actions | 40:03)
5 Death Knight
3 Death Coil
2 Unholy Aura
4 Lich
2 Frost Nova
2 Frost Armor
» actions
| Assign group hotkey | 25 | |
| Basic commands | 4 | |
| Build / train | 67 | |
| ESC pressed | 3 | |
| Enter build submenu | 25 | |
| Enter hero's abilities submenu | 9 | |
| Right click | 527 | |
| Select / deselect | 232 | |
| Select group hotkey | 388 | |
| Use ability | 126 | |
1406 total
» units
| Acolyte | 20 | |
| Ghoul | 4 | |
| Crypt Fiend | 3 | |
| Frost Wyrm | 3 | |
30 total
» upgrades
| Creature Attack | 1 | |
| Creature Carapace | 2 | |
| Web | 1 | |
| Freezing Breath | 1 | |
5 total
» buildings
| Graveyard | 1 | |
| Ziggurat | 13 | |
| Crypt | 1 | |
| Altar of Darkness | 1 | |
| Tomb of Relics | 2 | |
| Nerubian Tower | 2 | |
| Necropolis | 1 | |
| Halls of the Dead | 1 | |
| Spirit Tower | 5 | |
| Black Citadel | 1 | |
| Sacrificial Pit | 1 | |
| Boneyard | 3 | |
32 total
» build order
00:41 Graveyard
00:45 Ziggurat
00:53 Crypt
00:56 Altar of Darkness
01:00 Ziggurat
01:18 Tomb of Relics
01:40 Nerubian Tower
02:30 Ziggurat
05:20 Necropolis
05:24 Ziggurat
05:46 Ziggurat
05:50 Ziggurat
06:16 Halls of the Dead
06:41 Nerubian Tower
06:44 Spirit Tower
06:48 Spirit Tower
07:07 Ziggurat
07:11 Ziggurat
08:00 Spirit Tower
08:04 Spirit Tower
08:44 Black Citadel
08:55 Sacrificial Pit
08:59 Tomb of Relics
11:15 Boneyard
11:18 Boneyard
11:23 Boneyard
13:10 Ziggurat
17:10 Ziggurat
18:03 Ziggurat
18:10 Ziggurat
18:13 Ziggurat
24:39 Spirit Tower
» items
| Rod of Necromancy | 2 | |
| Sacrificial Skull | 1 | |
| Potion of Lesser Invulnerability | 1 | |
| Potion of Healing | 2 | |
| Scroll of Town Portal | 5 | |
| Orb of Corruption | 1 | |
12 total
Chat log
(02:34 / Allies) sickofeuro: solo cc
(03:20 / Allies) SturmUndDrang: give me pendant
(03:22 / Allies) SturmUndDrang: good for my hero
(03:24 / Allies) FortyFiveMoreTi: lol
(03:25 / Allies) SturmUndDrang: but you have brilliance aura
(03:33 / Allies) SturmUndDrang: or not, idiot
(03:43 / Allies) sickofeuro: pixel anger
(03:48 / Allies) SturmUndDrang: I'm not angry
(05:13 / Allies) sickofeuro: 1k gold =)
(05:25 / Allies) SturmUndDrang: 1k and pendant on am
(05:30 / Allies) sickofeuro: xd
(05:38 / All) ScuzzyNo-Good: Kigami is a mediocre bm in my experience
(07:03 / Allies) sickofeuro: solo ccing
(07:13 / Allies) SturmUndDrang: straight tech, not even a second hero to put that pendant on
(07:15 / Allies) SturmUndDrang: and still level 2
(07:26 / Allies) sickofeuro: no towers
(07:27 / Allies) sickofeuro: = gg
(07:28 / Allies) sickofeuro: +))
(07:30 / Allies) SturmUndDrang: he sucks ass
(07:35 / Allies) sickofeuro: xd
(07:39 / Allies) sickofeuro: he will team kill us later
(07:43 / Allies) sickofeuro: its what they always do
(07:45 / Allies) SturmUndDrang: no, he'll try
(07:54 / Allies) sickofeuro: he'll get like 11 tanks
(07:55 / Allies) SturmUndDrang: too bad to succeed
(07:56 / Allies) sickofeuro: and tp with his am
(07:58 / Allies) sickofeuro: and pendant :P
(07:58 / Allies) GUARDIANFOREVER: please leave purple alone he is innocent
(09:35 / All) SturmUndDrang: purple is amazing, level 2 with a pendant of energy on an archmage
(10:28 / All) ScuzzyNo-Good: was gonna creep a red but I'll pick on purple instead
(11:08 / All) WWW.sukd1ck.COM: fail?
(11:10 / All) WWW.sukd1ck.COM: lol
(11:18 / Allies) SturmUndDrang: LMAO purp is going tanks you were right
(11:26 / Allies) sickofeuro: problem is
(11:28 / Allies) sickofeuro: blue is terrible
(11:42 / Allies) sickofeuro: so im gonna play like a nub
(12:05 / Allies) sickofeuro: tp
(12:06 / Allies) sickofeuro: fs
(12:07 / Allies) sickofeuro: gj
(12:10 / All) SturmUndDrang: hero focusing fag
(12:38 / All) ScuzzyNo-Good: Don't attack me again purple
(12:45 / All) SturmUndDrang: He sucks
(13:02 / All) ScuzzyNo-Good: k you die
(13:46 / Allies) GUARDIANFOREVER: im stuck
(14:20 / Allies) sickofeuro: blue
(14:22 / Allies) sickofeuro: no comment
(14:30 / Allies) sickofeuro: honestly no comment
(14:37 / Allies) sickofeuro: watching you
(14:38 / Allies) sickofeuro: is just
(14:41 / Allies) sickofeuro: a pure miracle
(14:44 / Allies) SturmUndDrang: lawl
(14:47 / Allies) sickofeuro: go tk me
(14:48 / Allies) sickofeuro: blue
(14:55 / All) SturmUndDrang: noob unit for noob players like purple
(14:56 / Allies) GUARDIANFOREVER: i was stuck
(14:58 / Allies) GUARDIANFOREVER: had to tp
(15:02 / Allies) sickofeuro: you can tp out with sh
(15:09 / Allies) GUARDIANFOREVER: it didnt let me
(15:11 / Allies) GUARDIANFOREVER: tried twice alredy
(16:25 / All) SturmUndDrang: teal sucks too, nice fucking tp LOL
(16:44 / All) WWW.sukd1ck.COM: haha
(17:28 / Allies) SturmUndDrang: let's kill teal in a sec
(17:30 / All) ScuzzyNo-Good: *cough* moron *cough*
(17:30 / Allies) SturmUndDrang: after my army comes
(17:31 / Allies) sickofeuro: blue
(17:32 / Allies) sickofeuro: you got
(17:34 / Allies) sickofeuro: 5000 gold
(17:35 / Allies) sickofeuro: rly
(17:42 / All) ScuzzyNo-Good: another one lel
(18:03 / Allies) sickofeuro: too much
(18:04 / Allies) sickofeuro: for me
(18:07 / Allies) sickofeuro: to look at blue
(18:34 / All) SoooooooooBad: run oj
(18:35 / All) SoooooooooBad: RUN
(19:40 / Allies) sickofeuro: blue 6500 gold
(19:42 / Allies) sickofeuro: i want to cry
(19:43 / Allies) sickofeuro: lol
(19:56 / Allies) sickofeuro: need 400 gold
(20:08 / All) SturmUndDrang: fucking god dammit I should have a pendant right now
(20:09 / All) WWW.sukd1ck.COM: gg wuro trash
(20:13 / All) SturmUndDrang: missed it at the start then that happens
(20:17 / All) WWW.sukd1ck.COM: EURO TRASH MONKEY
(20:27 / All) sickofeuro: i played foot only
(20:41 / Allies) sickofeuro: 400 gold pls
(20:43 / Allies) sickofeuro: anyone?
(21:02 / All) SoooooooooBad: run blue and oj
(21:04 / All) SoooooooooBad: RUN
(21:22 / Allies) sickofeuro: 300 gold pls how hard is it
(21:38 / All) WWW.sukd1ck.COM: RIIICOLAAAAA
(21:50 / Allies) sickofeuro: 300 gold pls
(21:54 / All) SturmUndDrang: run teal run
(21:55 / Allies) sickofeuro: enjoy
(22:04 / Allies) sickofeuro: 300 pls for main
(22:09 / Allies) sickofeuro: ._.
(22:18 / Allies) sickofeuro: ty
(22:42 / All) GUARDIANFOREVER: nay
(22:51 / All) WWW.sukd1ck.COM: ixnay?
(24:00 / All) ApocalypseFenix: gtfo
(25:24 / All) GUARDIANFOREVER: lawl
(25:31 / All) GUARDIANFOREVER: i like dick too
(25:49 / Allies) sickofeuro: lol they tk
(25:50 / Allies) sickofeuro: each other
(26:27 / All) sickofeuro: lol green
(26:47 / All) ScuzzyNo-Good: cracka ass cracka
(27:02 / All) ScuzzyNo-Good: I'm black son, and I'm black son, and I'm blacker than black and I'm black son
(27:37 / All) sickofeuro: green no units?
(27:58 / All) sickofeuro: thats a yes since he's quiet :)))
(28:45 / All) ScuzzyNo-Good: was trying to get them red so you could chain lightning them
(29:28 / All) SturmUndDrang: the only thing that sucks about far seer is it's so god damn fragile
(29:34 / All) SturmUndDrang: and has not much mana for a spellcaster
(29:45 / All) sickofeuro: green is quiet
(29:47 / All) sickofeuro: after flaming lol
(30:10 / Allies) sickofeuro: tp
(30:12 / Allies) sickofeuro: blue
(30:13 / Allies) sickofeuro: you lose all
(30:18 / All) ScuzzyNo-Good: he didn't even try to fight it really
(30:25 / All) ScuzzyNo-Good: unsummoned his shit and then tried to focus my bm
(30:26 / All) SoooooooooBad: so....
(30:32 / All) SoooooooooBad: what are you going to do now yellow?
(30:48 / All) ScuzzyNo-Good: whatever I want
(30:49 / All) ScuzzyNo-Good: WOOOOOOOOOO
(30:54 / All) ScuzzyNo-Good: No gods no masters
(30:55 / All) GUARDIANFOREVER: pink said i was a bad player can u all please tell him h ewas wrong so i can feel better about myself
(31:26 / Allies) sickofeuro: altar
(31:30 / All) ScuzzyNo-Good: pink you're just flat out wrong and fucking stupid, buddy!
(31:32 / Allies) GUARDIANFOREVER: let him rez it
(32:40 / All) SoooooooooBad: pls fag some more yellow
(32:48 / All) SoooooooooBad: i gave you all my resources
(33:04 / All) ScuzzyNo-Good: Thanks, they went to good use in killing you guys
(33:08 / All) SoooooooooBad: don't you want to kill
(33:12 / All) SoooooooooBad: another hero
(33:13 / All) SoooooooooBad: oj
(33:25 / All) SturmUndDrang: It's not about what you want
(34:05 / All) SoooooooooBad: stopppppppppp
(34:06 / Allies) sickofeuro: lol
(34:07 / Allies) sickofeuro: orange
(34:12 / All) SoooooooooBad: you're killing blue
(34:18 / All) SoooooooooBad: you suck
(34:42 / All) SturmUndDrang: nice staff location of choice
(34:53 / All) GUARDIANFOREVER: in the grave
(35:08 / All) GUARDIANFOREVER: thats wut u get pinky for saying i suck
(35:11 / All) GUARDIANFOREVER: u arrogant prick
(36:08 / All) SturmUndDrang: Standoff?
(36:19 / All) ScuzzyNo-Good: yep
(36:51 / Allies) SturmUndDrang: wood me
(37:01 / Allies) SturmUndDrang: wood me
(37:03 / Allies) SturmUndDrang: wood
(37:11 / Allies) SturmUndDrang: wood, jake
(37:18 / Allies) SturmUndDrang: ty
(37:22 / Allies) SturmUndDrang: need tiny hall on the ground to taunt
(38:11 / All) GUARDIANFOREVER: time for annual love tap
(39:23 / All) GUARDIANFOREVER: oww
(39:25 / All) SturmUndDrang: Our side done
(39:26 / All) ScuzzyNo-Good: lel
(39:29 / All) SoooooooooBad: blue you suck
(39:34 / All) SoooooooooBad: pink is right
(39:35 / All) GUARDIANFOREVER: leave me alone
(39:38 / All) GUARDIANFOREVER: jerk
(39:46 / All) GUARDIANFOREVER: okay may the best internet connection win gentlemen
(39:52 / All) SturmUndDrang: Good luck everyone
(39:55 / All) SturmUndDrang: LET IT BEGIN, LET IT BEGIN!